 Dungeon Crawl Stone Soup version 0.31-a0-889-g1a8549509d (webtiles) character file.

Game seed: 13875928324713041430

68 Azuregosa the Covert (level 4, -1/31 HPs)
             Began as an Octopode Delver on Oct 16, 2023.
             Was an Initiate of Cheibriados.
             Succumbed to a scorpion's poison
             ... on level 5 of the Dungeon.
             The game lasted 00:01:25 (143 turns).

Azuregosa the Covert (Octopode Delver)               Turns: 143, Time: 00:01:25

Health: -1/31      AC:  1    Str: 12    XL:     4   Next: 19%
Magic:  4/4        EV: 13    Int: 15    God:    Cheibriados [......]
Gold:   0          SH:  0    Dex: 14    Spells: 3/3 levels left

rFire   . . .        a - +0 short sword
rCold   . . .        (no shield)
rNeg    . . .        (helmet restricted)
rPois   .            (no amulet)
rElec   .            (no ring)
rCorr   .            (no ring)
SInv    .            (no ring)
Will    .....        (no ring)
Stlth   +++++        (no ring)
HPRegen 0.25/turn    (no ring)
MPRegen 0.09/turn    (no ring)
                     (no ring)

%: no passive effects
@: lethally poisoned (-1 -> -12), very slow
A: almost no armour, amphibious, 8 rings, camouflage 1, gelatinous body 1,
(nimble swimmer 1), tentacles
a: Renounce Religion


You were on level 5 of the Dungeon.
You worshipped Cheibriados.
Cheibriados was noncommittal.
You visited 1 branch of the dungeon, and saw 3 of its levels.

Inventory:

Hand Weapons
 a - a +0 short sword (weapon)
Wands
 f - a wand of digging (3)
Scrolls
 b - a scroll of fog
 c - a scroll of identify {unknown}
 d - a scroll of fear
Potions
 e - a potion of haste


   Skills:
 - Level 3.0 Fighting
 - Level 2.0 Short Blades
 - Level 2.0 Dodging
 + Level 8.7 Stealth


You had 3 spell levels left.
You didn't know any spells.
Your spell library was empty.

Dungeon Overview and Level Annotations

Branches:
Dungeon (6/15)             Temple (0/1) D:5

Altars:
Cheibriados
Trog
Vehumet

Annotations:
D:6 Maggie


Innate Abilities, Weirdness & Mutations

You cannot wear most types of armour.
You are amphibious.
You can wear up to eight rings at the same time.
Your skin changes colour to match your surroundings (Stealth+).
Your rubbery body absorbs attacks. (AC +1, EV +1)
((You are camouflaged when in or above water. (Stealth+)))
You have tentacles for arms and can constrict up to eight enemies at once.


Message History

You hit the scorpion but do no damage. You squeeze the scorpion.
The scorpion is moderately wounded.
You constrict the scorpion.
You feel very sick. The scorpion closely misses you.
You hit the scorpion.
The scorpion is heavily wounded.
You constrict the scorpion, but do no damage.
You feel sick. The scorpion stings you.
You are lethally poisoned!
The scorpion poisons you!
You hit the scorpion.
The scorpion is severely wounded.
You constrict the scorpion, but do no damage.
You feel very sick. The scorpion closely misses you.
You hit the scorpion but do no damage.
The scorpion is severely wounded.
You constrict the scorpion, but do no damage.
* * * LOW HITPOINT WARNING * * *
You feel very sick. The scorpion closely misses you.
You hit the scorpion.
The scorpion is almost dead.
You constrict the scorpion.
You kill the scorpion!
Cheibriados appreciates the change of pace.
* * * LOW HITPOINT WARNING * * *
You feel sick.
Your Stealth skill increases to level 8!
You have reached level 3!
Your experience leads to an increase in your attributes!
Your base attributes are Str 11, Int 12, Dex 13.
Increase (S)trength, (I)ntelligence, or (D)exterity?
You feel clever. x2
You have reached level 4!
Okay, then.
* * * LOW HITPOINT WARNING * * *
You feel very sick.
You die...

,,*,,,,,*,*** *,* *,,<,,,*
*,**,,,**,* *.# *,,,,,,,
*,***,***,* #.# **,**,,*
,,,,,,,,,,* ***#[## *,**,,*
*,***,***** #,,...# *,**,,*
*,***+** #.*#..# *,***.#
*,**,,,** ##.##..# *,,,,.#
,,*,,,,,** #..†...# **###.#
**,,,,,,,** #...@..# ##.#.#
*,,,,,,,,,*##......#########....#
+,,,,,,,,,+......................
*,,,,,,,,,###.....##########....#
**,,,,,,,** #.....# #.....
**,,,,,** ###.### #######.####
**,,,** #.* #.......# **+** #.*
#.###...# *,* #.**** #.# #.#.#


There were no monsters in sight!

Vanquished Creatures
  A scorpion (D:5)
  A shadow imp (D:5)
2 creatures vanquished.

Notes
Turn   | Place    | Note
-------+----------+-------------------------------------------
     0 | D:5      | Azuregosa the Octopode Delver began the quest for the Orb.
     0 | D:5      | Reached XP level 1. HP: 16/16 MP: 1/1
     1 | D:6      | Noticed Maggie
     1 | D:6      | Noticed a scorpion
    25 | D:5      | Found a bloodstained altar of Trog.
    25 | D:5      | Found a snail-covered altar of Cheibriados.
    26 | D:5      | Found a radiant altar of Vehumet.
    32 | D:5      | Became a worshipper of Cheibriados the Contemplative
    47 | D:5      | Reached skill level 7 in Stealth
    47 | D:5      | Reached XP level 2. HP: 6/21 MP: 2/2
   129 | D:5      | Noticed a scorpion
   141 | D:5      | Killed a scorpion
   142 | D:5      | Reached skill level 8 in Stealth
   142 | D:5      | Reached XP level 3. HP: 3/26 MP: 3/3
   142 | D:5      | Reached XP level 4. HP: 4/31 MP: 4/4
   142 | D:5      | HP: 1/31 [poisoned by a scorpion]
   143 | D:5      | Succumbed to a scorpion's poison

Illustrated notes

Levels and vault maps discovered:
D:4:      layout_basic, kennysheep_mini_moat, minmay_misc_feat_columns,
          palyth_stone_intersect, serial_bayou_pond_d, due_unseen_surprise
D:5:      layout_loops_corners, gammafunk_temple_overflow_forgotten,
          kennysheep_little_box, minmay_temple_entry_junction_2,
          nicolae_shop_self_help
D:6:      layout_cave_pools, grunt_ministairs_10, serial_bayou_pond_a,
          minmay_misc_feat_pillars, uniq_maggie

Skill      XL: |  1  2 |
---------------+-------+-----
Stealth        | 7 8 |  8.7
Fighting       | |  3.0
Short Blades   | |  2.0
Dodging        | |  2.0

Action                     |  1- 3 |  4- 6 || total
---------------------------+-------+-------++-------
  Melee: Short sword       |    11 |       ||    11
         Constrict         |     2 |       ||     2
         Tentacles         |     2 |       ||     2
    Use: Scroll            |     1 |       ||     1
 Armour: Skin              |     6 |       ||     6
  Dodge: Dodged            |     8 |       ||     8

Table legend: (Time is in decaauts)
 A = Elapsed time spent in this place.
 B = Non-inter-level travel time spent in this place.
 C = Inter-level travel time spent in this place.
 D = Time resting spent in this place.
 E = Time spent auto-exploring this place.
 F = Levels seen in this place.
 G = Mean time per level.
                   A        B        C        D        E       F      G
               +--------+--------+--------+--------+--------+-----+--------+
         Total |    152 |    152 |      0 |     63 |      0 |   3 |   50.7 |
       Dungeon |    152 |    152 |      0 |     63 |      0 |   3 |   50.7 |
               +--------+--------+--------+--------+--------+-----+--------+

Top non-repeatable levels by time:
     D:5: 148 daAuts
     D:6: 1 daAuts
     D:4: 1 daAuts
